 Dungeon Crawl Stone Soup version 0.30-a0-414-gcb316572d5 (webtiles) character file.

Game seed: 16244462551161814641

1155 Krypt the Cleaver (level 8, -3/59 (70) HPs)
             Began as a Hill Orc Monk on Dec 7, 2022.
             Was a Believer of Beogh.
             Slain by a wight
             ... wielding a +2 dire flail
              (16 damage)
             ... on level 6 of the Dungeon.
             The game lasted 00:14:17 (6130 turns).

Krypt the Cleaver (Hill Orc Monk)                   Turns: 6130, Time: 00:14:18

HP:   -3/59 (70)    AC:  7    Str: 28    XL:     8   Next: 39%
MP:   8/8           EV: 12    Int: 10    God:    Beogh [**....]
Gold: 289           SH:  0    Dex: 13    Spells: 7/7 levels left

rFire   + . .      SeeInvis .    a - +0 hand axe
rCold   + . .      Faith    .    (no shield)
rNeg    . . .      Spirit   .    o - +1 ring mail
rPois   .          Reflect  .    (no helmet)
rElec   .          Harm     .    x - scarf {rC+ rF+}
rCorr   .          Rampage  .    (no gloves)
Will    .....                    (no boots)
Stlth   ++........               r - amulet of regeneration
HPRegen 1.09/turn                w - +6 ring of strength
MPRegen 0.11/turn                j - +6 ring of strength

@: heavily drained
A: no striking features
a: Renounce Religion, Smiting


You were on level 6 of the Dungeon.
You worshipped Beogh.
Beogh was pleased with you.
You visited 1 branch of the dungeon, and saw 6 of its levels.

You collected 289 gold pieces.

Inventory:

Hand Weapons
 a - a +0 hand axe (weapon)
Missiles
 p - 7 boomerangs (quivered)
 A - a throwing net
Armour
 b - a +0 robe
 o - a +1 ring mail (worn)
 x - a scarf of resistance (worn)
Jewellery
 e - a ring of ice
 h - a ring of protection from fire
 j - a +6 ring of strength (right hand)
 q - a ring of protection from fire
 r - an amulet of regeneration (around neck)
 w - a +6 ring of strength (left hand)
 z - a ring of positive energy
Wands
 y - a wand of quicksilver (10)
Scrolls
 m - a scroll of fog
 n - a scroll of fear
 u - a scroll of amnesia
Potions
 c - a potion of ambrosia
 d - 2 potions of curing
 f - 2 potions of flight {unknown}
 g - a potion of lignification {unknown}
 i - a potion of resistance {unknown}
 k - 2 potions of attraction {unknown}
 l - a potion of brilliance
 s - a potion of magic {unknown}
 t - a potion of haste {unknown}
 v - a potion of might {unknown}


   Skills:
 + Level 6.2 Fighting
 + Level 8.9 Axes
 + Level 0.1 Throwing
 + Level 4.4 Armour
 + Level 3.7 Dodging
 + Level 3.0 Stealth
 + Level 0.5 Invocations


You had 7 spell levels left.
You didn't know any spells.
Your spell library contained the following spells:

 Spells                   Type           Power      Damage    Failure   Level
 Beastly Appendage        Tmut           0%         N/A       47%         1
 Ensorcelled Hibernation  Hex/Ice        0%         N/A       63%         2
 Wereblood                Tmut           0%         N/A       63%         2
 Spider Form              Tmut/Pois      0%         N/A       85%         3
 Anguish                  Hex/Necr       0%         N/A       99%         4
 Summon Ice Beast         Ice/Summ       0%         N/A       99%         4
 Summon Mana Viper        Hex/Summ       0%         N/A       100%        5
 Monstrous Menagerie      Summ           0%         N/A       100%        7


Dungeon Overview and Level Annotations

Branches:
Dungeon (6/15)             Temple (0/1) D:5

Altars:
Ashenzari
Kikubaaqudgha


Message History

You hit the wight but do no damage. The wight closely misses you. x2
You barely miss the wight.
The wight is lightly damaged.
You barely miss the wight.
The wight hits you with a +2 dire flail!
You feel drained. The wight closely misses you.
You hit the wight but do no damage.
The wight is lightly damaged.
You hit the wight but do no damage.
The wight hits you with a +2 dire flail.
The wight completely misses you.
You hit the wight.
The wight is heavily damaged.
You hit the wight but do no damage. The wight closely misses you.
The wight hits you with a +2 scimitar.
You hit the wight but do no damage.
The wight is heavily damaged.
You hit the wight. The wight misses you. The wight hits you with a +2 scimitar!
You closely miss the wight.
The wight is heavily damaged.
You hit the wight but do no damage. The wight closely misses you. x2
You hit the wight.
The wight is heavily damaged.
You hit the wight. The wight closely misses you. The wight misses you.
You hit the wight.
The wight is severely damaged.
You closely miss the wight. You barely miss the wight.
The wight is severely damaged.
You hit the wight.
The wight hits you with a +2 dire flail!
The wight hits you with a +2 scimitar!
* * * LOW HITPOINT WARNING * * *
You feel drained.
* * * LOW HITPOINT WARNING * * *
You hit the wight but do no damage. Your punch misses the wight.
The wight is severely damaged.
You hit the wight.
The wight hits you with a +2 dire flail!
You die...

............#.....#....
............#.....#....
............#.....'....
............#.....#....
............#.....#....
............#'###.#....
########§.......#######
#§§§§§§.......#
#.§§@#........#
#§§zz#........#
#.§§§#........#
###§.#........#
#..##.....###
#......[..#.....#
+z........#..<..#
#.........# ###########


You could see 2 wights.

Vanquished Creatures
  Grinder (D:5)
  A phantom (D:5)
  A bullfrog (D:6)
  2 necrophages
  3 scorpions
  A wight (D:6)
  3 hounds (D:5)
  Jessica (D:2)
  Natasha (D:2)
  An orc wizard (D:5)
  9 adders
  11 gnolls
  2 ufetubi
  2 worms
  A dart slug (D:3)
  An orc (D:4)
  4 bat zombies (D:4)
  11 endoplasms
  2 giant cockroaches
  9 goblins
  5 hobgoblins
  2 jackals (D:2)
  A quokka (D:3)
  6 ball pythons
  13 bats
  2 frilled lizards
  7 kobolds
  6 rats
  2 rat zombies (D:4)
111 creatures vanquished.

Vanquished Creatures (others)
  A howler monkey (D:5)
  A plant (D:4)
2 creatures vanquished.

Grand Total: 113 creatures vanquished

Notes
Turn   | Place    | Note
-------+----------+-------------------------------------------
     0 | D:1      | Krypt the Hill Orc Monk began the quest for the Orb.
     0 | D:1      | Reached XP level 1. HP: 19/19 MP: 1/1
   127 | D:1      | Reached XP level 2. HP: 27/27 MP: 2/2
   772 | D:1      | Reached XP level 3. HP: 33/33 MP: 3/3
  1024 | D:2      | Noticed Jessica
  1034 | D:2      | Killed Jessica
  1035 | D:2      | Reached skill level 5 in Axes
  1035 | D:2      | Reached XP level 4. HP: 19/40 MP: 4/4
  1788 | D:2      | Noticed Natasha
  1802 | D:2      | Killed Natasha
  1803 | D:2      | Reached XP level 5. HP: 20/47 MP: 5/5
  3167 | D:3      | Found a broken altar of Ashenzari.
  3670 | D:4      | Reached skill level 6 in Axes
  3670 | D:4      | Reached skill level 1 in Armour
  3670 | D:4      | Reached XP level 6. HP: 42/55 MP: 6/6
  4086 | D:4      | Found an ancient bone altar of Kikubaaqudgha.
  4249 | D:4      | Identified the +0 robe of Zoeluydu {rPois Str-5 Dex+5}
  4867 | D:5      | Entered Level 5 of the Dungeon
  4881 | D:5      | Found a staircase to the Ecumenical Temple.
  4927 | D:5      | Noticed Grinder
  4931 | D:5      | Became a worshipper of Beogh the Brigand
  4931 | D:5      | Reached * piety under Beogh
  4931 | D:5      | Reached ** piety under Beogh
  4935 | D:5      | Reached skill level 5 in Fighting
  4935 | D:5      | Reached skill level 7 in Axes
  4935 | D:5      | Reached XP level 7. HP: 38/61 MP: 7/7
  4971 | D:5      | Killed Grinder
  5132 | D:5      | Reached skill level 8 in Axes
  5316 | D:5      | Reached XP level 8. HP: 69/69 MP: 8/8
  6130 | D:6      | Slain by a wight

Illustrated notes

Levels and vault maps discovered:
D:1:      dpeg_arrival_rooms_a, layout_basic
D:2:      layout_loops_corners, nicolae_underground_beach, uniq_jessica,
          uniq_natasha
D:3:      layout_loops_cross, mainiacjoe_overflow_boulevard, dk_noncrumbling_4
D:4:      layout_layer_cave, lemuel_zombie_altar_kikubaaqudgha,
          chequers_big_river
D:5:      layout_basic, minmay_temple_entry_ruins, minmay_misc_feat_columns,
          uniq_grinder
D:6:      layout_gridville, gammafunk_ghost_grave, serial_shops,
          kennysheep_mini, amcnicky_mini_rare_corridor_liquid, st_stairs_10,
          patterned_corridor

Skill      XL: |  1  2  3  4  5  6  7  8 |
---------------+-------------------------+-----
Fighting       | 4 5 6 |  6.2
Axes           | 5 6 7 8 |  8.9
Stealth        | 2 3 |  3.0
Dodging        | 3 |  3.7
Armour         | 1 2 3 4 |  4.4
Throwing       | |  0.1
Invocations    | |  0.5

Action                   |  1- 3 |  4- 6 |  7- 9 || total
-------------------------+-------+-------+-------++-------
Melee: Hand axe          |    67 |   252 |   133 ||   452
       Punch             |       |     2 |       ||     2
Throw: Boomerang         |       |       |     1 ||     1
Invok: Convert to Beogh  |       |     1 |       ||     1
       Smiting           |       |       |     1 ||     1
  Use: Scroll            |     2 |     7 |     2 ||    11
       Potion            |       |     1 |       ||     1
 Stab: Sleeping          |     5 |     2 |     1 ||     8
Armor: Robe              |     9 |    15 |       ||    24
       Ring mail         |       |    70 |    34 ||   104
Dodge: Dodged            |    46 |   190 |    87 ||   323

Table legend: (Time is in decaauts)
 A = Elapsed time spent in this place.
 B = Non-inter-level travel time spent in this place.
 C = Inter-level travel time spent in this place.
 D = Time resting spent in this place.
 E = Time spent auto-exploring this place.
 F = Levels seen in this place.
 G = Mean time per level.
                   A        B        C        D        E       F      G
               +--------+--------+--------+--------+--------+-----+--------+
         Total |   6130 |   5953 |    177 |   1085 |   3917 |   6 | 1021.7 |
       Dungeon |   6130 |   5953 |    177 |   1085 |   3917 |   6 | 1021.7 |
               +--------+--------+--------+--------+--------+-----+--------+

Top non-repeatable levels by time:
     D:3: 1357 daAuts
     D:2: 1318 daAuts
     D:4: 1243 daAuts
     D:5: 1093 daAuts
     D:1: 963 daAuts
     D:6: 153 daAuts
